 Dungeon Crawl Stone Soup version 0.31-a0-971-g75a2e9a4b4 (webtiles) character file.

Game seed: 15154189416284741476

21 BinkBink the Shield-Bearer (level 2, -1/21 HPs)
             Began as an Octopode Fighter on Oct 28, 2023.
             Slain by a goblin
             ... wielding a +0 club
              (4 damage)
             ... on level 1 of the Dungeon.
             The game lasted 00:00:24 (294 turns).

BinkBink the Shield-Bearer (Octopode Fighter)        Turns: 294, Time: 00:00:25

Health: -1/21      AC:  1    Str: 15    XL:     2   Next: 87%
Magic:  2/2        EV: 13    Int: 10    God:
Gold:   27         SH:  4    Dex: 11    Spells: 1/1 levels left

rFire   . .          .
                       - Unarmed
rCold   . . .        a - +0 buckler
rNeg    . . .        (helmet restricted)
rPois   .            (no amulet)
rElec   .            (no ring)
rCorr   .            (no ring)
SInv    .            (no ring)
Will    .....        (no ring)
Stlth   ++           (no ring)
HPRegen 0.23/turn    (no ring)
MPRegen 0.08/turn    (no ring)
                     (no ring)

%: no passive effects
@: no status effects
A: almost no armour, amphibious, 8 rings, camouflage 1, gelatinous body 1,
(nimble swimmer 1), tentacles
a: no special abilities


You were on level 1 of the Dungeon.
You visited 1 branch of the dungeon, and saw 1 of its levels.

You collected 27 gold pieces.

Inventory:

Armour
 a - a +0 buckler (worn)
Potions
 b - a potion of might


   Skills:
 + Level 3.2 Fighting
 + Level 3.2 Dodging
 + Level 3.3 Shields
 + Level 2.3 Unarmed Combat


You had one spell level left.
You didn't know any spells.
Your spell library was empty.

Dungeon Overview and Level Annotations

Branches:
Dungeon (1/15)

Altars:


Innate Abilities, Weirdness & Mutations

You cannot wear most types of armour.
You are amphibious.
You can wear up to eight rings at the same time.
Your skin changes colour to match your surroundings (Stealth+).
Your rubbery body absorbs attacks. (AC +1, EV +1)
((You are camouflaged when in or above water. (Stealth+)))
You have tentacles for arms and can constrict up to eight enemies at once.


Message History

You tentacle-slap the jackal. Your grab misses the jackal.
You squeeze the jackal.
You kill the jackal!
You tentacle-slap the bat. Your grab misses the bat.
Your squeeze misses the bat.
The bat is severely wounded.
The bat hits you but does no damage. The bat barely misses you.
A goblin comes into view. It is wielding a +0 club.
The kobold hits you with a +0 club. The goblin barely misses you.
You tentacle-slap the bat.
You kill the bat!
The kobold barely misses you. You block the goblin's attack.
You barely miss the jackal. You grab the jackal. You squeeze the jackal.
The jackal is heavily wounded.
You constrict the jackal.
The jackal bites you but does no damage.
The kobold hits you with a +0 club. The goblin hits you with a +0 club.
The jackal closely misses you.
You tentacle-slap the jackal but do no damage.
The jackal is almost dead.
You constrict the jackal.
You kill the jackal!
The kobold hits you with a +0 club. The goblin hits you with a +0 club.
The kobold hits you with a +0 club.
* * * LOW HITPOINT WARNING * * *
The goblin hits you with a +0 club.
* * * LOW HITPOINT WARNING * * *
You closely miss the kobold. You grab the kobold. You squeeze the kobold.
You kill the kobold!
You tentacle-slap the goblin. You grab the goblin.
The goblin is moderately wounded.
You constrict the goblin. The goblin barely misses you.
You tentacle-slap the goblin but do no damage.
The goblin is heavily wounded.
You constrict the goblin, but do no damage.
The goblin misses you.
You tentacle-slap the goblin.
You kill the goblin!
The goblin hits you with a +0 club.
You die...

.......
........##
.........#
.........##
...>.... ...#.#
## #g#.# .#
#)@.### #.#
###)..## #.#
#....# #.#
##.#.###.#####.
#.#.....#.....
#.........#
#..###..###
#... #..# #
.....###.## #


You could see a goblin.

Vanquished Creatures
  2 dart slugs (D:1)
  2 ball pythons (D:1)
  2 goblins (D:1)
  A hobgoblin (D:1)
  4 jackals (D:1)
  2 kobolds (D:1)
  A quokka (D:1)
  2 bats (D:1)
16 creatures vanquished.

Notes
Turn   | Place    | Note
-------+----------+-------------------------------------------
     0 | D:1      | BinkBink the Octopode Fighter began the quest for the Orb.
     0 | D:1      | Reached XP level 1. HP: 16/16 MP: 1/1
   145 | D:1      | Reached XP level 2. HP: 19/21 MP: 2/2
   294 | D:1      | Slain by a goblin

Illustrated notes

Levels and vault maps discovered:
D:1:      kennysheep_arrival_forest, layout_rooms

Action                     || total
---------------------------++-------
  Melee: Unarmed           ||    47
         Constrict         ||    16
         Tentacles         ||    13
   Stab: Sleeping          ||     1
 Armour: Skin              ||    25
  Dodge: Dodged            ||    33
  Block: Buckler           ||    12

Table legend: (Time is in decaauts)
 A = Elapsed time spent in this place.
 B = Non-inter-level travel time spent in this place.
 C = Inter-level travel time spent in this place.
 D = Time resting spent in this place.
 E = Time spent auto-exploring this place.
 F = Levels seen in this place.
 G = Mean time per level.
                   A        B        C        D        E       F      G
               +--------+--------+--------+--------+--------+-----+--------+
         Total |    293 |    293 |      0 |      0 |    210 |   1 |  293.0 |
       Dungeon |    293 |    293 |      0 |      0 |    210 |   1 |  293.0 |
               +--------+--------+--------+--------+--------+-----+--------+

Top non-repeatable levels by time:
     D:1: 293 daAuts
